 Dungeon Crawl Stone Soup version 0.30-a0-989-g0d87f670db (webtiles) character file.

Game seed: 226931911545407391

342 Newt the Chucker (level 6, -2/48 HPs)
             Began as a Demonspawn Gladiator on Apr 3, 2023.
             Was a Follower of Lugonu.
             Slain by Duvessa
             ... wielding a +0 rapier of distortion
              (5 damage)
             ... on level 4 of the Dungeon.
             The game lasted 00:06:23 (3956 turns).

Newt the Chucker (Demonspawn Gladiator)             Turns: 3956, Time: 00:06:24

Health: -2/48      AC:  3    Str: 17    XL:     6   Next: 30%
Magic:  5/6        EV: 12    Int:  9    God:    Lugonu [*.....]
Gold:   182        SH:  0    Dex: 14    Spells: 5/5 levels left

rFire   . . .      SeeInvis +    w - +0 dagger (venom)
rCold   . . .      Faith    .    (no shield)
rNeg    . . .      Spirit   .    b - +0 leather armour
rPois   +          Reflect  .    (helmet unavailable)
rElec   .          Rampage  .    (no cloak)
rCorr   .                        (no gloves)
Will    +....                    (no boots)
Stlth   +                        (no amulet)
HPRegen 0.28/turn                l - ring of willpower
MPRegen 0.10/turn                r - ring of poison resistance

@: mighty, studying Throwing
A: antennae 3, powered by death 2
a: Renounce Religion, Depart the Abyss


You were on level 4 of the Dungeon.
You worshipped Lugonu.
Lugonu was aware of your devotion.
You visited 1 branch of the dungeon, and saw 4 of its levels.
You visited the Abyss 2 times.

You collected 182 gold pieces.

Inventory:

Hand Weapons
 a - a +0 rapier
 e - a +0 dagger of protection
 w - a +0 dagger of venom (weapon)
Missiles
 x - 2 boomerangs of dispersal (quivered)
 y - a stone
Armour
 b - a +0 leather armour (worn)
 c - a +0 helmet
 z - a +2 robe of willpower
Jewellery
 g - a ring of ice
 l - a ring of willpower (left hand)
 r - a ring of poison resistance (right hand)
Scrolls
 h - a scroll of silence
 k - 2 scrolls of teleportation
 q - a scroll of poison
 s - 2 scrolls of identify
Potions
 f - 3 potions of curing
 m - a potion of brilliance
 n - 2 potions of degeneration
 o - a potion of mutation
 p - 2 potions of flight


   Skills:
 - Level 4.0 Fighting
 - Level 2.6 Short Blades
 + Level 7.3 Throwing
 - Level 2.6 Dodging


You had 5 spell levels left.
You didn't know any spells.
Your spell library contained the following spells:

 Spells                   Type           Power      Damage    Failure   Level
 Call Canine Familiar     Summ           0%         N/A       83%         3
 Portal Projectile        Hex/Tloc       0%         N/A       83%         3
 Leda's Liquefaction      Hex/Erth       0%         N/A       99%         4


Dungeon Overview and Level Annotations

Branches:
Dungeon (4/15)
 Temple: D:4-7

Altars:
Nemelex Xobeh
Sif Muna

Shops:
D:1 [   D:3 [

Annotations:
D:4 Duvessa, Grinder


Innate Abilities, Weirdness & Mutations

You have a pair of large antennae on your head. (SInv)
You regenerate health from kills.


Message History

Aim: Duvessa, wielding a +0 rapier of distortion and wearing a +0 ring mail (severely wounded, berserk, 71% to hit)
You throw a stone. The stone hits Duvessa.
Duvessa is severely wounded.
A hobgoblin comes into view.
Okay, then.
You feel very mighty all of a sudden.
The hobgoblin shouts!
Unknown command.
Grinder blinks!
Duvessa hits you with a +0 rapier of distortion!
You are cast into the Abyss!
This branch contains the abyssal rune of Zot.
Unknown command.
You start resting.
You sense a monster nearby.
You start resting.
You sense a monster nearby.
You start resting.
A flying skull comes into view.
You pass through the gate.
Welcome back to the Dungeon!
Level annotation: Duvessa, Grinder A goblin and a hobgoblin come into view.
The hobgoblin shouts!
You hear a shout!
Duvessa barely misses you. The hobgoblin hits you.
The hobgoblin hits you but does no damage.
The hobgoblin closely misses you.
You barely miss Duvessa.
Duvessa is severely wounded.
Duvessa hits you with a +0 rapier of distortion.
The hobgoblin barely misses you.
A hobgoblin comes into view.
The hobgoblin completely misses you.
Unknown command.
You barely miss Duvessa.
Duvessa is severely wounded.
Duvessa hits you with a +0 rapier of distortion!
* * * LOW HITPOINT WARNING * * *
Space warps around you.
You die...

# .# ... ...# ####...#
#ge..##g. #@g......
################gg......
........................
.............{......>###
###...##.#....h#..<..#
#...##.##.##.#.#.#...
#)..##.##.##.#.#.#...# #
#...##.##.#..#.#.# ..# #
#...##....#5##(# {


You could see Duvessa (berserk), a jackal, 4 hobgoblins and a goblin.

Vanquished Creatures
  A scorpion (D:2)
  Dowan (D:4)
  A hound (D:4)
  Robin (D:3)
  3 gnolls (D:3)
  6 adders
  An ufetubus (D:4)
  3 worms
  2 dart slugs
  3 orcs
  5 endoplasms
  3 giant cockroaches
  20 goblins
  17 hobgoblins
  A jackal (D:4)
  2 kobolds
  2 quokkas (D:1)
  11 ball pythons
  2 bats
  A frilled lizard (D:2)
  4 rats
90 creatures vanquished.

Vanquished Creatures (others)
  5 starspawn tentacles (Abyss:1)
5 creatures vanquished.

Grand Total: 95 creatures vanquished

Notes
Turn   | Place    | Note
-------+----------+-------------------------------------------
     0 | D:1      | Newt the Demonspawn Gladiator began the quest for the Orb.
     0 | D:1      | Reached XP level 1. HP: 16/16 MP: 1/1
    96 | D:1      | Gained mutation: You regenerate a little health from kills.
                  | [demonic ancestry]
    96 | D:1      | Reached XP level 2. HP: 20/23 MP: 2/2
   197 | D:1      | Found Attui's Antique Armour Shoppe.
   521 | D:2      | Identified a scroll of acquirement
   521 | D:2      | Acquired a manual of Throwing
   544 | D:2      | Gained mutation: You have a pair of small antennae on your
                  | head. [demonic ancestry]
   544 | D:2      | Reached XP level 3. HP: 24/29 MP: 3/3
   780 | D:2      | Reached skill level 2 in Throwing
  1632 | D:3      | Found Xamantad's Armour Boutique.
  1684 | D:3      | Gained mutation: You regenerate health from kills. [demonic
                  | ancestry]
  1684 | D:3      | Reached XP level 4. HP: 37/37 MP: 4/4
  1692 | D:3      | Reached skill level 3 in Throwing
  2012 | D:3      | Reached skill level 4 in Throwing
  2209 | D:3      | Found a faded altar of an unknown god.
  2316 | D:3      | Noticed a scorpion
  2317 | D:3      | Noticed Robin
  2617 | D:2      | Killed a scorpion
  2618 | D:2      | Reached skill level 5 in Throwing
  2618 | D:2      | Gained mutation: You have a pair of antennae on your head.
                  | [demonic ancestry]
  2618 | D:2      | Reached XP level 5. HP: 24/42 MP: 5/5
  3128 | D:3      | Killed Robin
  3129 | D:3      | Reached skill level 6 in Throwing
  3308 | D:3      | Found a shimmering blue altar of Sif Muna.
  3641 | D:4      | Gained mutation: You have a pair of large antennae on your
                  | head. (SInv) [demonic ancestry]
  3641 | D:4      | Reached XP level 6. HP: 36/48 MP: 6/6
  3688 | D:4      | Noticed Duvessa
  3688 | D:4      | Noticed Dowan
  3707 | D:4      | Killed Dowan
  3708 | D:4      | Reached skill level 7 in Throwing
  3752 | D:4      | Found a sparkling altar of Nemelex Xobeh.
  3775 | D:4      | Noticed Grinder
  3821 | Abyss:1  | Cast into level 1 of the Abyss (Duvessa)
  3866 | Abyss:1  | Noticed a wretched star
  3873 | Abyss:1  | Noticed a tentacled starspawn
  3908 | Abyss:1  | Found a corrupted altar of Lugonu.
  3908 | Abyss:1  | Found a corrupted altar of Lugonu.
  3913 | Abyss:1  | Became a worshipper of Lugonu the Unformed
  3913 | Abyss:1  | Reached * piety under Lugonu
  3913 | Abyss:1  | Reached ** piety under Lugonu
  3914 | D:4      | Escaped the Abyss
  3930 | Abyss:2  | Cast into level 2 of the Abyss (Duvessa)
  3953 | Abyss:2  | Noticed a flying skull
  3954 | D:4      | Escaped the Abyss
  3956 | D:4      | Slain by Duvessa

Illustrated notes

Levels and vault maps discovered:
D:1:      psy_arrival_whirlpool, layout_rooms, serial_shops,
          nicolae_lakefront_shop
D:2:      layout_basic, serial_bayou_ford_a
D:3:      layout_basic, mainiacjoe_overflow_six_doors_small, serial_shops,
          nicolae_shop_hallway_stairs, hellmonk_ecumenical_altar_heavens_door,
          kennysheep_another_room, uniq_robin
D:4:      minmay_diamond_boxcup, layout_basic, mainiacjoe_overflow_24_doors,
          nemelex_dance_club_becter, roderic_batcave,
          nicolae_shop_sticking_my_neck_out, uniq_grinder, uniq_pikel,
          uniq_duvessa

Skill      XL: |  1  2  3  4  5  6 |
---------------+-------------------+-----
Fighting       | 3 4 |  4.0
Throwing       | 2 5 6 7 |  7.3
Short Blades   | |  2.6
Dodging        | |  2.6

Action                     |  1- 3 |  4- 6 || total
---------------------------+-------+-------++-------
  Melee: Rapier            |   143 |   100 ||   243
         Punch             |     1 |     3 ||     4
         Dagger            |       |   139 ||   139
  Throw: Throwing net      |     2 |     6 ||     8
         Stone             |       |     9 ||     9
         Dart              |       |    12 ||    12
         Javelin           |       |     3 ||     3
         Boomerang         |       |     3 ||     3
 Invoke: Depart the Abyss  |       |     2 ||     2
    Use: Scroll            |     6 |     5 ||    11
         Potion            |     1 |     5 ||     6
   Stab: Held in net/web   |     1 |     2 ||     3
         Sleeping          |       |     2 ||     2
 Armour: Leather armour    |    27 |    77 ||   104
  Dodge: Dodged            |    83 |   177 ||   260

Table legend: (Time is in decaauts)
 A = Elapsed time spent in this place.
 B = Non-inter-level travel time spent in this place.
 C = Inter-level travel time spent in this place.
 D = Time resting spent in this place.
 E = Time spent auto-exploring this place.
 F = Levels seen in this place.
 G = Mean time per level.
                   A        B        C        D        E       F      G
               +--------+--------+--------+--------+--------+-----+--------+
         Total |   3963 |   3816 |    147 |   1034 |   1864 |   6 |  660.5 |
       Dungeon |   3847 |   3700 |    147 |    968 |   1864 |   4 |  961.8 |
         Abyss |    116 |    116 |      0 |     66 |      0 |   2 |   58.0 |
               +--------+--------+--------+--------+--------+-----+--------+

Top non-repeatable levels by time:
     D:2: 1611 daAuts
     D:3: 1281 daAuts
     D:1: 525 daAuts
     D:4: 429 daAuts
 Abyss:1: 92 daAuts
 Abyss:2: 23 daAuts
